Workbook

Sheet 履行証明書
A1: 履行証明書
AB5: 令和 年 月 日
B8: =[1]入力表!C4 -> 支出負担行為担当官
B9: =[1]入力表!C5&" "&[1]入力表!C6&" 殿" -> 東北森林管理局長 箕輪 富男 殿
A12: =" "&TEXT([1]入力表!C16,"ggge年m月d日")&"に施行される入札において、下記の入札番号については、添付の農林水産省競争参加資格（全省庁統一資格）における営業品目を営業内容としていること及び仕様書等の条件を満たす業務が可能なことを下記のとおり証明いたします。" -> 令和7年12月18日に施行される入札において、下記の入札番号については、添付の農林水産省競争参加資格（全省庁統一資格）における営業品目を営業内容としていること及び仕様書等の条件を満たす業務が可能なことを下記のとおり証明いたします。
A18: 記
A21: 1. | B21: ="入札番号 第"&[1]入力表!B21&"号 "&VLOOKUP([1]入力表!B21,[1]入力表!B25:U45,2) -> 入札番号 第1号 図書
A23: 2. | B23: 添付書類 | F23: 農林水産省競争参加資格（全省庁統一資格）の写し
F24: 種類： | I24: =VLOOKUP([1]入力表!B21,[1]入力表!B25:U45,4) -> 「物品の販売」
F25: 地域： | I25: =VLOOKUP([1]入力表!B21,[1]入力表!B25:U45,5) -> 東北地域
F26: 営業品目： | K26: =VLOOKUP([1]入力表!B21,[1]入力表!B25:U45,6) -> 「図書類」、又は「その他」
P32: 住所
P35: 氏名

Sheet 紙入札参加承諾書
A1: 紙入札参加承諾願
A4: １．発注事業名
B5: ="入札番号 第"&[1]入力表!B21&"号" -> 入札番号 第1号
B6: =VLOOKUP([1]入力表!B21,[1]入力表!B25:U45,2) -> 図書
A8: ２．電子調達システムでの参加ができない理由
A15: 上記の発注事業は、電子調達システム対象案件ではありますが、今回は当社においては上記理由により電子調達システムを利用しての参加ができないため、紙入札での参加を承諾いただきますようお願い致します。
W22: 令和 年 月 日
P25: 住所
P27: 商号又は名称
P29: 代表者氏名
B33: =[1]入力表!C4 -> 支出負担行為担当官
B34: =[1]入力表!C5&" "&[1]入力表!C6&" 殿" -> 東北森林管理局長 箕輪 富男 殿
B38: 上記について承諾します。
A41: 令和 年 月 日
R45: 殿
U47: =[1]入力表!C4 -> 支出負担行為担当官
U48: =[1]入力表!C5&" "&[1]入力表!C6 -> 東北森林管理局長 箕輪 富男

Sheet 入札説明書等の交付確認書
A1: 入札説明書等の交付確認書
B5: ="入札番号 第"&[1]入力表!B21&"号 "&VLOOKUP([1]入力表!B21,[1]入力表!B25:U45,2) -> 入札番号 第1号 図書
A7: =" "&TEXT([1]入力表!C2,"ggge年m月d日")&"付け入札公告があった上記の入札物件について、次のとおり入札説明資料の交付を受けました。" -> 令和7年11月26日付け入札公告があった上記の入札物件について、次のとおり入札説明資料の交付を受けました。
B11: 会 社 名
B16: 交付年月日 | J16: 令和 年 月 日
B18: 交付を受けた 者氏名
J20: （電話： ）
D22: 入札公告
D24: 入札説明書
D26: 契約書(案)
D28: 仕様書
D30: その他〔 〕
B32: 注1）交付を受けたい者は、希望する□に☑を付すること。
D34: 上記資料の一括交付希望する場合は、当項目に☑を付すること。

Sheet 入札説明書等に対する質問回答書
A1: 入札番号 第１号 図書
A3: 入札説明書等に対する質問回答書
A6: 入札説明書等に対する質問事項 | M6: 質問事項に対する回答

Sheet 入札書
A1: 様式第３号（第４条）
A3: 入 札 書
A7: ="入札番号 第"&[1]入力表!B21&"号" -> 入札番号 第1号
A9: =CONCATENATE("入札物件名 ",VLOOKUP([1]入力表!B21,[1]入力表!B25:U45,2)) -> 入札物件名 図書
B12: 金 | D12: 億 | F12: 千万 | H12: 百万 | J12: 十万 | L12: 万 | N12: 千 | P12: 百 | R12: 十 | T12: 一 | V12: 円也
A18: ただし、上記金額には消費税相当額を除いた金額であるので、契約額は上記金額に10％に相当する額を加算した金額となること及び競争契約入札心得、契約条項、仕様書、その他関係事項一切を承諾のうえ、入札いたします。
A24: =[1]入力表!C16 -> 46009
B27: =[1]入力表!C4 -> 支出負担行為担当官
B28: =[1]入力表!C5&" "&[1]入力表!C6&" 殿" -> 東北森林管理局長 箕輪 富男 殿
H31: （入札者）
H33: 所在地
H35: 会社名
H37: 代表者氏名
H40: （代理人）
H42: 所在地
H44: 会社名
H46: 代理者氏名
A49: （注意事項）
A50: １ 金額は円単位とし、アラビア数字をもって明記すること。
A51: ２ 用紙の寸法は、日本産業規格Ａ列４番とし、縦長に使用すること。

Sheet 入札内訳書
A1: 入札番号：第１号
A2: 入 札 内 訳 書
A4: 入札番号 第１号 図書
A6: 整理 番号 | B6: 品 名 | C6: 品質規格 | D6: 数量 | E6: 単位 | F6: 単価（円） | G6: 価格（円） | H6: 備 考
A7: 1 | B7: 書籍 | C7: 令和７年度版 治山林道必携（積算・施工編） | D7: 85 | E7: 冊
A8: 2 | B8: 書籍 | C8: 令和７年度版 治山林道必携（調査・測量・設計編） | D8: 85 | E8: 冊
A9: 3 | B9: 書籍 | C9: 橋梁仮設工事の積算 令和７年度版 | D9: 1 | E9: 冊
A10: 4 | B10: 書籍 | C10: 国土交通省土木工事標準積算基準 令和７年度版 | D10: 1 | E10: 冊
A11: 5 | B11: 書籍 | C11: 令和７年度版 国土交通省土木工事標準積算基準書〈河川・道路編〉 | D11: 1 | E11: 冊
A12: 6 | B12: 書籍 | C12: 令和７年度版 国土交通省土木工事標準積算基準書〈共通編〉 | D12: 1 | E12: 冊
A13: 7 | B13: 書籍 | C13: 設計業務等標準積算基準書 設計業務等標準積算基準書（参考資料） 令和７年度版 | D13: 1 | E13: 冊
A14: 8 | B14: 書籍 | C14: 令和７年版 国家公務員 給与のてびき-その仕組と取扱い- | D14: 32 | E14: 冊
A15: 9 | B15: 書籍 | C15: 令和7年版 別冊・国家公務員 給与のてびき-主要俸給表の基準と沿革- | D15: 1 | E15: 冊
A16: 10 | B16: 書籍 | C16: 給与小六法 令和８年版 | D16: 31 | E16: 冊
A17: 11 | B17: 書籍 | C17: 人事小六法 令和８年版 | D17: 30 | E17: 冊
A18: 12 | B18: 書籍 | C18: 公務員の退職手当質疑応答集 全訂第７版 | D18: 1 | E18: 冊
... A20: 14 | B20: 書籍 | C20: 公務員の勤務時間・休暇法詳解 第６次改訂版 | D20: 1 | E20: 冊
A21: 合 計 | D21: =SUM(D7:D20) -> 272 | E21: 冊
A22: ※ 合計金額については、入札書記載金額と一致させること。
A24: （入 札 者）
A25: 商号又は名称
A26: 代表者役職氏名

Sheet 委任状
A1: 様式第 ４ 号 （第４条）
A3: 委 任 状
D9: 代理人氏名
A14: 上記の者を私の代理人と定め、下記権限を委任します。
A16: 記
A19: １ 入札年月日 | E19: =[1]入力表!C16 -> 46009
A21: ２ 件 名 | E21: ="入札番号 第"&[1]入力表!B21&"号 "&VLOOKUP([1]入力表!B21,[1]入力表!B25:U45,2) -> 入札番号 第1号 図書
A23: ３ 入札に関する一切の件
A27: 令和 年 月 日
F32: 住所
F34: 商号又は名称
F36: 代表者氏名
B40: =[1]入力表!C4 -> 支出負担行為担当官
B42: =[1]入力表!C5&" "&[1]入力表!C6&" 殿" -> 東北森林管理局長 箕輪 富男 殿
